 Dungeon Crawl Stone Soup version 0.28.0-53-g5a82cb258f (webtiles) character file.

Game seed: 14330491215101075048

196 Killer7luis the Grave Robber (level 6, -1/42 HPs)
             Began as a Human Necromancer on May 21, 2022.
             Killed from afar by an orc wizard (8 damage)
             ... with a magic dart
             ... on level 3 of the Dungeon.
             The game lasted 00:40:18 (6132 turns).

Killer7luis the Grave Robber (Human Necromancer)    Turns: 6132, Time: 00:40:19

Health: -1/42      AC:  2    Str:  8    XL:     6   Next: 4%
Magic:  10/11      EV: 12    Int: 17    God:
Gold:   199        SH:  0    Dex: 14    Spells: 6/12 levels left

rFire   + . .      SeeInvis .   h - +0 mace (vorpal)
rCold   . . .      Faith    .   (no shield)
rNeg    . . .      Spirit   .   a - +0 robe
rPois   .          Reflect  .   (no helmet)
rElec   .          Harm     .   (no cloak)
rCorr   .          Rampage  .   (no gloves)
Will    .....                   (no boots)
Stlth   ++........              (no amulet)
HPRegen 0.14/turn               d - ring of protection from fire
MPRegen 0.12/turn               (no ring)

@: no status effects
A: no striking features
a: no special abilities


You were on level 3 of the Dungeon.
You visited 1 branch of the dungeon, and saw 4 of its levels.

You collected 199 gold pieces.

Inventory:

Hand Weapons
 h - a +0 vorpal mace (weapon)
Armour
 a - a +0 robe (worn)
Jewellery
 d - a ring of protection from fire (left hand)
Scrolls
 c - a scroll of magic mapping
 e - a scroll of brand weapon {unknown}
 g - a scroll of identify
Potions
 f - a potion of lignification {unknown}
 i - a potion of degeneration {unknown}


   Skills:
 + Level 0.4 Fighting
 + Level 0.2 Maces & Flails
 + Level 2.1 Dodging
 + Level 2.3 Stealth
 + Level 0.2 Unarmed Combat
 + Level 3.7 Spellcasting
 * Level 5.4 Necromancy


You had 6 spell levels left.
You knew the following spells:

 Your Spells              Type           Power      Damage    Failure   Level
a - Pain                  Necr           84%        1d8       1%          1
b - Animate Skeleton      Necr           42%        N/A       1%          1
c - Animate Dead          Necr           10%        N/A       17%         4

Your spell library contained the following spells:

 Spells                   Type           Power      Damage    Failure   Level
 Vampiric Draining        Necr           21%        2d7       5%          3
 Dazzling Flash           Conj/Hex       6%         N/A       43%         3
 Agony                    Necr           21%        N/A       43%         5
 Silence                  Hex/Air        1%         N/A       99%         5


Dungeon Overview and Level Annotations

Branches:
Dungeon (4/15)
 Temple: D:4-7

Altars:

Annotations:
D:4 Blork the orc


Message History

The orc wizard flickers and vanishes!
Deactivating autopickup; reactivate with Ctrl-A.
You're too confused to move!
Something hits you.
You closely miss something.
You feel less confused. Something hits you.
Something hits you but does no damage.
There is a stone staircase leading up here.
You hit something but do no damage.
You hear some strange, mumbled words.
Something tries to affect you, but you resist.
Casting: Pain (safe; 1% risk of failure)
Confirm with . or Enter, or press ? or * to list all spells.
You don't know that spell.
Press: ? - help, v - describe, . - travel The floor.
Casting: Pain (safe; 1% risk of failure)
Confirm with . or Enter, or press ? or * to list all spells.
You don't know that spell.
Something hits you.
You climb upwards.
Reactivating autopickup.
There is a stone staircase leading down here.
You see here a +0 dagger.
You hear some strange, mumbled words.
Deactivating autopickup; reactivate with Ctrl-A.
Something tries to affect you, but you resist.
You hear some strange, mumbled words.
A puff of flame appears from out of thin air!
The puff of flame hits you. You resist.
A puff of flame appears from out of thin air!
The puff of flame hits you. You resist.
* * * LOW HITPOINT WARNING * * *
A magic dart appears from out of thin air!
The magic dart hits you.
* * * LOW HITPOINT WARNING * * *
There is a strange disturbance nearby!
A magic dart appears from out of thin air!
The magic dart hits you!
You die...

....#.###..# #.# ##.#..#
####.## #..# #.# #.#..#
#.####..# #.# #####.#..#
####.......####.# #.....#..#
.............<..####.#####..#
####.................## #..#
#.......####.###...####..#
####....>..# #..............#
#[)........###..@...{.......#
#.##............#####.#####.#
#.####..##.####.# #.# #.# #.#
#..##.# #.# #.# #.# #.#
#..##.####.#####.# #.#
#.####.........>......# #.#
...........############ #.#
#######.#..# #.#
......#.#..################.#


There were no monsters in sight!

Vanquished Creatures
  Jessica (D:2)
  An orc wizard (D:4)
  A hound skeleton (D:2)
  A howler monkey skeleton (D:2)
  3 adders
  A worm (D:3)
  A dart slug (D:1)
  7 orcs
  A bat (D:3)
  8 endoplasms
  2 giant cockroaches (D:3)
  11 goblins
  6 hobgoblins
  4 jackals (D:1)
  7 kobolds
  5 quokkas
  11 ball pythons
  6 frilled lizards
  6 rats
83 creatures vanquished.

Notes
Turn   | Place    | Note
-------+----------+-------------------------------------------
     0 | D:1      | Killer7luis the Human Necromancer began the quest for the
                  | Orb.
     0 | D:1      | Reached XP level 1. HP: 13/13 MP: 3/3
   605 | D:1      | Reached XP level 2. HP: 17/19 MP: 3/5
  1211 | D:1      | Reached XP level 3. HP: 22/24 MP: 3/6
  2466 | D:2      | Noticed Jessica
  2490 | D:2      | Killed Jessica
  2491 | D:2      | Reached XP level 4. HP: 28/30 MP: 5/8
  3172 | D:2      | Reached XP level 5. HP: 15/35 MP: 8/10
  3593 | D:2      | Found a faded altar of an unknown god.
  3856 | D:2      | Learned a level 1 spell: Animate Skeleton
  4052 | D:3      | Reached skill level 5 in Necromancy
  4844 | D:3      | Learned a level 4 spell: Animate Dead
  5260 | D:3      | Reached XP level 6. HP: 10/42 MP: 1/11
  5678 | D:4      | Noticed Blork the orc
  5698 | D:4      | HP: 1/42 [Blork the orc/magic dart (10)]
  6132 | D:3      | Killed from afar by an orc wizard

Illustrated notes

Levels and vault maps discovered:
D:1:      matt_arrival_grand_opening, layout_rooms, serial_aquarium,
          aquarium_bridge_square [aquarium_subvault_bridge,
          aquarium_subvault_wall, aquarium_subvault_bridge,
          aquarium_subvault_balcony], aquarium_window_2, aquarium_window_fake,
          aquarium_view_2c, aquarium_balcony_5a, aquarium_pool_2
D:2:      layout_rooms, nicolae_ecumenical_oubliette, minmay_distorted,
          uniq_jessica
D:3:      minmay_door_path, layout_loops_ring, minmay_bisected
D:4:      layout_rooms, nicolae_overflow_hidden_temple, minmay_bent, uniq_robin,
          uniq_eustachio, uniq_blork_the_orc

Skill      XL: |  1  2  3  4  5 |
---------------+----------------+-----
Spellcasting   | 3 |  3.7
Necromancy     | 5 |  5.4
Fighting       | |  0.4
Maces & Flails | |  0.2
Dodging        | |  2.1
Stealth        | |  2.3
Unarmed Combat | |  0.2

Action                   |  1- 3 |  4- 6 || total
-------------------------+-------+-------++-------
Melee: Unarmed           |     8 |    23 ||    31
       Club              |       |    10 ||    10
       Mace              |       |     9 ||     9
 Cast: Pain              |    74 |   106 ||   180
       Animate Skeleton  |       |     7 ||     7
  Use: Scroll            |       |     6 ||     6
Armor: Robe              |     7 |     8 ||    15
Dodge: Dodged            |    18 |    45 ||    63
